 Dungeon Crawl Stone Soup version 0.30-a0-691-g754fce4c43 (webtiles) character file.

Game seed: 13879970061044811243

19325 rddays123 the Severer (level 12, 0/104 HPs)
             Began as a Hill Orc Fighter on Jan 20, 2023.
             Was a Priest of Makhleb.
             Slain by a skeletal warrior
             ... wielding a +0 battleaxe
              (19 damage)
             ... on level 13 of the Dungeon.
             The game lasted 00:46:41 (12441 turns).

rddays123 the Severer (Hill Orc Fighter)           Turns: 12441, Time: 00:46:41

Health: 0/104      AC: 19    Str: 24    XL:     12   Next: 67%
Magic:  13/13      EV: 12    Int:  8    God:    Makhleb [***...]
Gold:   1321       SH:  4    Dex: 10    Spells: 11/11 levels left

rFire   + . .      SeeInvis .    W - +2 broad axe (venom)
rCold   + + .      Faith    .    c - +0 buckler
rNeg    . . .      Spirit   .    E - +0 plate armour
rPois   .          Reflect  .    m - +0 helmet
rElec   .          Harm     .    p - scarf {rC+ rF+}
rCorr   .          Rampage  .    w - +0 pair of gloves
Will    .....                    (no boots) Stlth
                                 r - amulet of regeneration
HPRegen 1.17/turn                g - +5 ring of evasion
MPRegen 0.13/turn                l - ring of protection from cold

@: no status effects
A: talons 1, high MP 1
a: Renounce Religion, Minor Destruction, Lesser Servant of Makhleb


You were on level 13 of the Dungeon.
You worshipped Makhleb.
Makhleb was most pleased with you.
You visited 3 branches of the dungeon, and saw 16 of its levels.

You collected 1433 gold pieces.
You spent 112 gold pieces at shops.

Inventory:

Hand Weapons
 a - a +0 war axe
 q - a +2 morningstar
 F - a +0 war axe
 G - a +2 whip of freezing
 V - a +0 battleaxe
 W - a +2 broad axe of venom (weapon)
Missiles
 R - a throwing net (quivered)
Armour
 b - a +1 scale mail
 c - a +0 buckler (worn)
 m - a +0 helmet (worn)
 p - a scarf of resistance (worn)
 w - a +0 pair of gloves (worn)
 E - a +0 plate armour (worn)
Jewellery
 f - a +4 ring of protection
 g - a +5 ring of evasion (left hand)
 l - a ring of protection from cold (right hand)
 r - an amulet of regeneration (around neck)
 A - a ring of protection from cold
 C - an amulet of the acrobat
 K - a ring of fire
 L - a ring of fire
 N - a +6 ring of intelligence
Wands
 n - a wand of iceblast (15)
 I - a wand of light (7)
 P - a wand of paralysis (22)
 S - a wand of digging (3)
Scrolls
 e - 2 scrolls of enchant armour
 h - 2 scrolls of poison
 k - 3 scrolls of immolation
 v - 2 scrolls of teleportation
 y - 5 scrolls of amnesia
 D - 2 scrolls of fear {unknown}
 J - 2 scrolls of blinking
 M - 2 scrolls of magic mapping
 T - 2 scrolls of vulnerability
 U - a scroll of summoning {unknown}
Potions
 d - 2 potions of might
 i - 2 potions of brilliance
 j - 9 potions of curing
 o - a potion of degeneration
 s - a potion of berserk rage
 t - 4 potions of lignification
 u - a potion of mutation
 x - a potion of resistance
 z - 4 potions of heal wounds
 H - 2 potions of attraction
 O - 3 potions of haste
 Q - 2 potions of flight


   Skills:
 + Level 9.2 Fighting
 - Level 18.0 Axes
 - Level 14.5 Armour
 - Level 1.0 Dodging
 - Level 1.0 Stealth
 - Level 4.2 Shields


You had 11 spell levels left.
You didn't know any spells.
Your spell library contained the following spells:

 Spells                   Type           Power      Damage    Failure   Level
 Magic Dart               Conj           0%         1d3       99%         1
 Searing Ray              Conj           0%         2d4       100%        2
 Static Discharge         Conj/Air       0%         2-2/arc   100%        2
 Ignite Poison            Fire/Tmut/Pois 0%         N/A       100%        3
 Kindle Blastsparks       Fire/Tloc/Air  0%         2d10      100%        3
 Ozocubu's Armour         Ice            0%         N/A       100%        3
 Summon Guardian Golem    Hex/Summ       0%         N/A       100%        3
 Vhi's Electric Charge    Tloc/Air       0%         N/A       100%        3
 Animate Dead             Necr           0%         N/A       100%        4
 Fulminant Prism          Conj/Hex       0%         3d5       100%        4
 Summon Ice Beast         Ice/Summ       0%         N/A       100%        4
 Arcjolt                  Conj/Air       0%         1d10      100%        5
 Freezing Cloud           Conj/Ice/Air   0%         6-21      100%        5
 Lightning Bolt           Conj/Air       0%         1d11      100%        5
 Summon Mana Viper        Hex/Summ       0%         N/A       100%        5
 Haunt                    Necr/Summ      0%         N/A       100%        7
 Monstrous Menagerie      Summ           0%         N/A       100%        7
 Orb of Destruction       Conj           0%         9d5       100%        7
 Ozocubu's Refrigeration  Ice            0%         4d7       100%        7
 Spellforged Servitor     Conj/Summ      0%         N/A       100%        7
 Infestation              Necr           0%         N/A       100%        8


Dungeon Overview and Level Annotations

Branches:
Dungeon (13/15)            Temple (1/1) D:7            Lair (0/5) D:10
    Orc (2/2) D:10            Elf (0/3) Orc:2
 Vaults: D:13-14

Altars:
Ashenzari
Cheibriados
Dithmenos
Elyvilon
Fedhas
Gozag
Hepliaklqana
Kikubaaqudgha
Makhleb
Nemelex Xobeh
Okawaru
Qazlal
Ru
Sif Muna
Trog
Uskayaw
Vehumet
Wu Jian
Xom
Yredelemnul
Zin
The Shining One

Shops:
D:1 *   D:8 =   D:10 *   D:12 :

Portals:
Trove: D:10 (show abyssal rune of Zot)

Annotations:
D:7 3 runed translucent doors, BigDaddyOpFi's ghost, novice DsFi
D:13 3 runed translucent doors, Appeb's ghost, journeyman DgDe


Innate Abilities, Weirdness & Mutations

You have sharp toenails.
You have an increased reservoir of magic. (+10% MP)


Message History

You start resting.
A skeletal warrior comes into view. It is wielding a +0 battleaxe.
You hit the skeletal warrior.
You claw the skeletal warrior, but do no damage.
The skeletal warrior is lightly damaged.
The skeletal warrior hits you with a +0 battleaxe.
You slash the skeletal warrior!
The skeletal warrior is moderately damaged.
The skeletal warrior hits you with a +0 battleaxe!
You hit the skeletal warrior but do no damage.
You claw the skeletal warrior.
The skeletal warrior is moderately damaged.
The skeletal warrior barely misses you.
You slice the skeletal warrior!! Your kick misses the skeletal warrior.
The skeletal warrior is severely damaged.
You hit the skeletal warrior but do no damage.
You claw the skeletal warrior.
The skeletal warrior is severely damaged.
The skeletal warrior hits you with a +0 battleaxe!!
You barely miss the skeletal warrior.
The skeletal warrior is severely damaged.
The skeletal warrior hits you with a +0 battleaxe!!
You are too injured to fight recklessly!
You are too injured to fight recklessly!
You hit the skeletal warrior but do no damage.
You claw the skeletal warrior, but do no damage.
The skeletal warrior is severely damaged.
You hit the skeletal warrior but do no damage.
The skeletal warrior is severely damaged.
The skeletal warrior hits you with a +0 battleaxe!
You hit the skeletal warrior but do no damage.
You claw the skeletal warrior, but do no damage.
The skeletal warrior is severely damaged.
The skeletal warrior hits you with a +0 battleaxe!!
* * * LOW HITPOINT WARNING * * *
You hit the skeletal warrior but do no damage.
Your kick misses the skeletal warrior.
The skeletal warrior is severely damaged.
The skeletal warrior hits you with a +0 battleaxe!!
You die...

#...........####.........#
#........>..'.##..........
#...........#.##.........#
#...........#..#.........#
#...........##.O....(....#
#...........####..O......#
##########)## ####.######
#z.# #.## ##@## #..###
#..# ##..O### #######.###
###.... #...[.....#
##########' #.........#
#.......... #.........#
#.......... #.........#
###..........
#.........###.'..........
#.............#..........


You could see a skeletal warrior.

Vanquished Creatures
  A hydra (D:13)
  4 two-headed ogres
  A boulder beetle (D:11)
  A centaur warrior (D:13)
  A skeletal warrior (D:13)
  Pikel (D:6)
  3 ugly things
  2 gargoyles
  4 unseen horrors
  A kobold demonologist (D:6)
  A komodo dragon (D:10)
  An efreet (D:10)
  9 trolls
  A shadow (D:12)
  A water elemental (D:10)
  A wyvern (D:10)
  12 yaks
  3 wraiths
  A basilisk (D:12)
  A steam dragon (D:10)
  5 wargs
  An acid dragon (D:10)
  Duvessa (D:6)
  2 black bears (D:6)
  7 orc warriors
  A sky beast (D:6)
  An ice beast (D:7)
  An ogre (D:4)
  A phantom (D:6)
  10 centaurs
  4 kobold brigands
  A bullfrog (D:7)
  3 gnoll sergeants
  2 necrophages (D:6)
  A scorpion (D:5)
  4 wights
  Dowan (D:6)
  4 killer bees
  15 howler monkeys
  10 orc priests
  A gnoll bouda (D:2)
  A hound (D:6)
  8 iguanas
  11 orc wizards
  15 gnolls
  8 adders
  3 shadow imps
  A white imp (D:5)
  An ufetubus (D:4)
  3 worms
  3 dart slugs
  42 orcs
  5 ball pythons
  13 endoplasms
  3 giant cockroaches
  6 goblins
  7 hobgoblins
  7 jackals
  7 quokkas
  19 kobolds
  6 rats
295 creatures vanquished.

Vanquished Creatures (others)
  An unseen horror (D:10)
  A gnoll (D:10)
  2 plants (D:3)
4 creatures vanquished.

Grand Total: 299 creatures vanquished

Notes
Turn   | Place    | Note
-------+----------+-------------------------------------------
     0 | D:1      | rddays123 the Hill Orc Fighter began the quest for the Orb.
     0 | D:1      | Reached XP level 1. HP: 19/19 MP: 1/1
    27 | D:1      | Reached XP level 2. HP: 13/27 MP: 2/2
   141 | D:1      | Reached skill level 3 in Axes
   225 | D:1      | Found a faded altar of an unknown god.
   232 | D:1      | Found Pyusov's General Store.
   292 | D:1      | Reached XP level 3. HP: 33/33 MP: 3/3
   973 | D:2      | Reached XP level 4. HP: 37/41 MP: 4/4
  1074 | D:2      | Reached skill level 4 in Axes
  1153 | D:2      | Found a snail-covered altar of Cheibriados.
  1465 | D:1      | Bought a potion of mutation for 112 gold pieces
  1466 | D:1      | Gained mutation: You have sharp toenails. [potion of
                  | mutation]
  1466 | D:1      | Gained mutation: You have an increased reservoir of magic.
                  | (+10% MP) [potion of mutation]
  1683 | D:3      | Found an ancient bone altar of Kikubaaqudgha.
  1849 | D:2      | Reached XP level 5. HP: 33/47 MP: 5/5
  1912 | D:2      | Reached skill level 5 in Axes
  2224 | D:3      | Reached skill level 1 in Dodging
  2301 | D:3      | Found a glowing golden altar of the Shining One.
  2702 | D:4      | Reached skill level 6 in Axes
  2757 | D:4      | Reached skill level 5 in Fighting
  2931 | D:4      | Reached XP level 6. HP: 56/56 MP: 6/6
  3384 | D:5      | Entered Level 5 of the Dungeon
  3589 | D:4      | Reached skill level 7 in Axes
  3596 | D:4      | Reached skill level 1 in Stealth
  3596 | D:4      | Reached XP level 7. HP: 61/61 MP: 7/7
  3624 | D:5      | Found a shadowy altar of Dithmenos.
  3919 | D:5      | Found a basalt altar of Yredelemnul.
  3933 | D:5      | Reached skill level 8 in Axes
  3933 | D:5      | Reached skill level 5 in Armour
  4248 | D:6      | Reached XP level 8. HP: 31/68 MP: 8/8
  4316 | D:5      | Reached skill level 9 in Axes
  4546 | D:6      | Reached skill level 10 in Axes
  4585 | D:6      | Noticed a kobold demonologist
  4596 | D:6      | Killed a kobold demonologist
  4597 | D:6      | Reached XP level 9. HP: 79/79 MP: 9/9
  4602 | D:6      | Reached skill level 11 in Axes
  4645 | D:6      | Noticed Duvessa
  4646 | D:6      | Noticed Dowan
  4653 | D:6      | Killed Duvessa
  4667 | D:6      | Killed Dowan
  4826 | D:6      | Found a white marble altar of Elyvilon.
  4827 | D:6      | Found a bloodstained altar of Trog.
  4828 | D:6      | Found a burning altar of Makhleb.
  4840 | D:6      | Became a worshipper of Makhleb the Destroyer
  4941 | D:6      | Noticed Pikel
  4948 | D:6      | Killed Pikel
  4949 | D:6      | Reached skill level 12 in Axes
  5467 | D:7      | Found a staircase to the Ecumenical Temple.
  5716 | D:7      | Found an opulent altar of Gozag.
  5753 | D:7      | Found a runed translucent gate.
  5754 | D:7      | Found a runed translucent gate.
  5755 | D:7      | Found a runed translucent gate.
  5756 | D:7      | Noticed BigDaddyOpFi's ghost (novice DsFi)
  5823 | D:7      | Found a blossoming altar of Fedhas.
  5928 | D:7      | Reached skill level 13 in Axes
  6071 | D:7      | Killed an unseen horror
  6072 | D:7      | Reached XP level 10. HP: 64/86 MP: 11/11
  6098 | Temple   | Entered the Ecumenical Temple
  6098 | Temple   | Found a transporter.
  6098 | Temple   | Found a transporter.
  6100 | Temple   | Found a transporter.
  6100 | Temple   | Found a transporter.
  6366 | D:8      | Found Byatt's Jewellery Boutique.
  6482 | D:8      | Found a sacrificial altar of Ru.
  6786 | D:8      | Found a radiant altar of Vehumet.
  6889 | D:9      | Noticed a two-headed ogre
  6958 | D:9      | Identified the +0 hand axe "Kirrel" {spect, Will- Str+4
                  | Int+5 Stlth+}
  6965 | D:9      | Found a sparkling altar of Nemelex Xobeh.
  6986 | D:9      | Reached * piety under Makhleb
  7091 | D:9      | Killed a two-headed ogre
  7092 | D:9      | Reached skill level 10 in Armour
  7166 | D:9      | Found a snail-covered altar of Cheibriados.
  7844 | D:10     | Entered Level 10 of the Dungeon
  7844 | D:10     | Found a staircase to the Orcish Mines.
  7876 | D:10     | Found Gaukocemn's General Store.
  7920 | D:10     | Reached skill level 14 in Axes
  8039 | Orc:1    | Entered Level 1 of the Orcish Mines
  8286 | Orc:2    | Entered Level 2 of the Orcish Mines
  8323 | Orc:2    | Found a staircase to the Elven Halls.
  8368 | Orc:2    | Noticed a cyclops
  8444 | Orc:2    | Noticed an orc high priest
  8455 | Orc:1    | Reached ** piety under Makhleb
  8581 | D:10     | Reached XP level 11. HP: 92/92 MP: 12/12
  8622 | D:10     | Found a staircase to the Lair.
  8766 | D:10     | Reached skill level 15 in Axes
  8851 | D:10     | Noticed a two-headed ogre
  8976 | D:10     | Killed a two-headed ogre
  9188 | D:10     | Found a portal to a secret trove of treasure.
  9541 | D:10     | Reached skill level 16 in Axes
 10378 | D:11     | Found a shimmering blue altar of Sif Muna.
 10379 | D:11     | Noticed a boulder beetle
 10380 | D:11     | Found a hazy altar of Hepliaklqana.
 10380 | D:11     | Found an opulent altar of Gozag.
 10421 | D:11     | Killed a boulder beetle
 10450 | D:11     | Found a shimmering altar of Xom.
 10450 | D:11     | Found an iron altar of Okawaru.
 10450 | D:11     | Found a radiant altar of Vehumet.
 10515 | D:11     | Reached XP level 12. HP: 63/101 MP: 13/13
 10760 | D:12     | Reached *** piety under Makhleb
 11131 | D:12     | Found Plog's Vocational Training.
 11308 | D:12     | Reached skill level 17 in Axes
 12041 | D:13     | Noticed a centaur warrior
 12063 | D:13     | Killed a centaur warrior
 12132 | D:13     | Found a runed translucent gate.
 12132 | D:13     | Found a runed translucent gate.
 12132 | D:13     | Found a runed translucent gate.
 12133 | D:13     | Noticed a centaur warrior
 12134 | D:13     | Noticed a naga warrior
 12134 | D:13     | Noticed a tengu warrior
 12134 | D:13     | Noticed a centaur warrior
 12135 | D:13     | Noticed a centaur warrior
 12135 | D:13     | Noticed a naga warrior
 12136 | D:13     | Noticed Appeb's ghost (journeyman DgDe)
 12149 | D:13     | Noticed a four-headed hydra
 12158 | D:13     | Killed a four-headed hydra
 12320 | D:13     | Noticed a two-headed ogre
 12320 | D:13     | Noticed a two-headed ogre
 12364 | D:12     | Killed a two-headed ogre
 12376 | D:13     | Killed a two-headed ogre
 12377 | D:13     | Reached skill level 18 in Axes
 12441 | D:13     | Slain by a skeletal warrior

Illustrated notes

Levels and vault maps discovered:
D:1:      lightli_arrival_maybe_door_vault, layout_rooms,
          basic_ecumenical_altar, serial_shops, shop
D:2:      layout_loops_ring, basic_altar
D:3:      minmay_door_path, layout_basic, mainiacjoe_overflow_tiny_flanked,
          tso_oasis_becter
D:4:      layout_loops_ring, chequers_serial_rivers_small_3
D:5:      layout_basic, mainiacjoe_overflow_paths, lemuel_round_altar
D:6:      layout_loops_cross, chequers_temple_overflow_statue_of_worship,
          uniq_pikel, uniq_duvessa
D:7:      layout_basic, general_overflow_altar, grunt_gozag_statues,
          minmay_temple_entry_slanted, gammafunk_ghost_necromancy
D:8:      layout_basic, vehumet_crystals, lemuel_crystal_altar, serial_shops,
          shop
D:9:      layout_irregular_city, mainiacjoe_overflow_24_doors,
          nemelex_spade_bored_becter
D:10:     minmay_polygon_palace, layout_basic, serial_shops,
          kennysheep_mini_moat, enter_trove_2
D:11:     layout_basic, doesnt_xom_only_xom, uniq_sonja
D:12:     layout_cave_pods, nicolae_shop_vocational
D:13:     layout_roguey, gammafunk_ghost_fury_of_okawaru
Temple:   hellmonk_temple_divided_pantheon
Orc:1:    layout_caves
Orc:2:    st_orc_town, layout_caves, mines2_lemuel

Skill      XL: |  1  2  3  4  5  6  7  8  9 10 11 12 |
---------------+-------------------------------------+-----
Axes           | 3 4 6 7 8 10 13 14 16 18 | 18.0
Fighting       | 4 5 6 7 9 |  9.2
Dodging        | 1 |  1.0
Armour         | 4 5 6 9 11 14 | 14.5
Stealth        | 1 |  1.0
Shields        | 4 |  4.2

Action                   |  1- 3 |  4- 6 |  7- 9 | 10-12 || total
-------------------------+-------+-------+-------+-------++-------
Melee: War axe           |    75 |   167 |   237 |   410 ||   889
       Kick              |       |    37 |    51 |   209 ||   297
       Broad axe         |       |       |       |   211 ||   211
       Morningstar       |       |       |       |     6 ||     6
  Use: Scroll            |       |     9 |     3 |    11 ||    23
       Potion            |       |     1 |     1 |     1 ||     3
Armor: Scale mail        |    33 |    49 |    22 |       ||   104
       Plate armour      |       |       |   107 |   332 ||   439
Dodge: Dodged            |    43 |   110 |   137 |   323 ||   613
Block: Buckler           |    17 |    38 |    68 |   139 ||   262

Table legend: (Time is in decaauts)
 A = Elapsed time spent in this place.
 B = Non-inter-level travel time spent in this place.
 C = Inter-level travel time spent in this place.
 D = Time resting spent in this place.
 E = Time spent auto-exploring this place.
 F = Levels seen in this place.
 G = Mean time per level.
                   A        B        C        D        E       F      G
               +--------+--------+--------+--------+--------+-----+--------+
         Total |  12458 |  11972 |    486 |   1713 |   6407 |  16 |  778.6 |
       Dungeon |  11951 |  11465 |    486 |   1670 |   6355 |  13 |  919.3 |
        Temple |     74 |     74 |      0 |      0 |      0 |   1 |   74.0 |
  Orcish Mines |    432 |    432 |      0 |     42 |     52 |   2 |  216.0 |
               +--------+--------+--------+--------+--------+-----+--------+

Top non-repeatable levels by time:
    D:10: 1741 daAuts
    D:12: 1014 daAuts
     D:9: 1008 daAuts
     D:1: 966 daAuts
     D:6: 965 daAuts
     D:7: 953 daAuts
     D:5: 911 daAuts
     D:2: 898 daAuts
     D:3: 855 daAuts
     D:4: 826 daAuts
    D:13: 653 daAuts
    D:11: 588 daAuts
     D:8: 569 daAuts
   Orc:1: 308 daAuts
   Orc:2: 124 daAuts
